AoeStats
← Licrovan

Arabia

510826164Analyzed
1v1 RM · 15h ago on Oct 2, 2026· 26m 47s· 2 players
Game mode
Random Map
Map size
Tiny (2 player)
Population
200
Speed
Normal
Resources
Standard
Victory
Conquest
Starting age
Dark Age
Ending age
Imperial Age
RankedLock teamsTeams togetherTeam positionsShared explorationLock speedFull tech treeHidden civsTurbo modeCheats
Victory
Defeat
🇨🇴 Inca · Colombia
963
+15
🇳🇱 Franks · Netherlands
952
-44
Licrovan
6:26 Loom
9:32 Feudal Age
23:25 Castle Age
22:07 Scale Barding Armor
23:51 Light Cavalry
24:31 Husbandry
25:41 Forging
yaggcris
3:13 Loom
10:53 Feudal Age
12:59 Double-Bit Axe
13:01 Horse Collar
23:43 Castle Age
22:13 Gold Mining
22:44 Stone Mining
23:57 Wheelbarrow
23:25 Fletching
24:02 Scale Mail Armor
24:29 Heavy Plow
24:23 Pikeman
25:17 Crossbowman
26:19 Padded Archer Armor
Connection lost

Rejoining the realm…

Still unreachable

The connection could not be restored.

Session expired

The server has moved on; the page needs a fresh start.